 Dungeon Crawl Stone Soup version 0.16.1-18-g436b03c (webtiles) character file.

362 Leviathan2552 the Shield-Bearer (level 6, -4/49 HPs)
             Began as a Formicid Fighter on May 5, 2015.
             Was an Initiate of Trog.
             Slain by Ijyb
             ... wielding a +1 dagger of electrocution
              (8 damage)
             ... on level 3 of the Dungeon.
             The game lasted 00:14:11 (2721 turns).

Leviathan2552 the Shield-Bearer (Formicid Fighter)  Turns: 2721, Time: 00:14:12

Health: -4/49      AC: 14    Str: 22    XL:     6   Next: 99%
Magic:  8/8        EV:  5    Int: 10    God:    Trog [......]
Gold:   131        SH: 10    Dex: 10    Spells: 0 memorised, 5 levels left

rFire  . . .     SeeInvis +     a - +1 war axe
rCold  . . .     Clarity  .     m - +1 plate armour
rNeg   . . .     SustAb   .     c - +0 shield
rPois  .         Gourm    .     (helmet unavailable)
rElec  .         Spirit   .     (no cloak)
rCorr  .         Warding  .     (no gloves)
rMut   .         Stasis   +     r - +0 pair of boots
MR     .....                    f - amulet of regeneration
Stlth  ..........               (no ring)
                                o - +2 ring of intelligence

@: not resistant to hostile enchantments, extremely unstealthy
A: permanent stasis, dig shafts and tunnels, four strong arms, antennae 3
a: Dig, Shaft Self, Burn Spellbooks, Renounce Religion


You were on level 3 of the Dungeon.
You worshipped Trog.
Trog was noncommittal.
You were not hungry.

You visited 1 branch of the dungeon, and saw 3 of its levels.

You collected 131 gold pieces.

Inventory:

Hand weapons
 a - a +1 war axe (weapon)
 g - a +2 short sword of protection
 n - a +0 scythe of venom
Missiles
 k - 16 tomahawks
 t - 5 tomahawks of returning (quivered)
Armour
 b - a +0 scale mail
 c - a +0 shield (worn)
 m - a +1 plate armour (worn)
 r - a +0 pair of boots (worn)
Jewellery
 f - an amulet of regeneration (around neck)
 o - a +2 ring of intelligence (left hand)
Scrolls
 q - a scroll of remove curse
 s - a scroll of magic mapping
 v - a scroll of identify
Potions
 e - a potion of might
 h - a potion of ambrosia {unknown}
 j - a potion of brilliance
 p - 2 potions of curing
Comestibles
 d - a bread ration
 i - a beef jerky
 l - a meat ration
 u - 6 chunks of flesh


   Skills:
 * Level 4.5 Fighting
 * Level 3.1 Axes
 + Level 1.0 Throwing
 * Level 4.9 Armour
 * Level 5.9 Shields


You had 5 spell levels left.
You didn't know any spells.

Dungeon Overview and Level Annotations

Branches:
Dungeon (3/15)

Altars:
Trog

Annotations:
D:3 Ijyb


Innate Abilities, Weirdness & Mutations

You are under a permanent stasis effect.
You can dig through walls and to a lower floor.
Your four strong arms can wield two-handed weapons with a shield.
You have a pair of large antennae on your head (SInv).


Message History

You block Ijyb's attack.
There is an open door here.
There is an open door, spattered with blood here.
Items here: ))))) [ Ijyb hits you but does no damage.
You are electrocuted!
* * * LOW HITPOINT WARNING * * *
You closely miss Ijyb.
Ijyb is heavily wounded.
Ijyb hits you but does no damage.
You are electrocuted!
* * * LOW HITPOINT WARNING * * *
You closely miss Ijyb.
Ijyb is heavily wounded.
Ijyb hits you but does no damage.
Your plate armour prevents you from hitting Ijyb.
Ijyb is heavily wounded.
You block Ijyb's attack. Ijyb hits you but does no damage.
Your shield and plate armour prevent you from hitting Ijyb.
Ijyb is heavily wounded.
Ijyb hits you but does no damage.
You are electrocuted!
You die...

#.....##.##.......##
#.....#
###.#.##.###.....##
#.##### #......#
##...## #.# ###.####
##)## #.# #># #.#
****#.# #.########.#
*,,,..#
*.#........##
*,**###
*,#.#####.g.##*,*
*,*.##*#..@..#*,*
*,,....##...###.#
**#.##..........#
#........######
########.# #.# #.#
#.# ########## #.#


You could see Ijyb.

Vanquished Creatures
  Sigmund (D:2)
  3 orc priests (D:3)
  3 orc wizards (D:3)
  2 adders
  5 worms
  4 giant geckos
  An ooze (D:1)
  10 orcs (D:3)
  A ball python (D:3)
  5 bats
  2 giant cockroaches
  8 hobgoblins
  3 jackals (D:2)
  6 kobolds
  6 goblins
  7 rats
67 creatures vanquished.

Notes
Turn   | Place    | Note
--------------------------------------------------------------
     0 | D:1      | Leviathan2552, the Formicid Fighter, began the quest for the Orb.
     0 | D:1      | Reached XP level 1. HP: 18/18 MP: 1/1
   231 | D:1      | Reached XP level 2. HP: 21/24 MP: 3/3
   458 | D:1      | Reached skill level 4 in Shields
   741 | D:1      | Reached XP level 3. HP: 26/29 MP: 4/4
  1284 | D:2      | Reached XP level 4. HP: 30/37 MP: 5/5
  1388 | D:2      | Noticed Sigmund
  1418 | D:2      | Killed Sigmund
  1418 | D:2      | Reached XP level 5. HP: 26/42 MP: 7/7
  1915 | D:2      | Noticed a moth of wrath
  1918 | D:2      | Found a bloodstained altar of Trog.
  1954 | D:2      | Reached skill level 5 in Shields
  2015 | D:2      | Became a worshipper of Trog the Wrathful
  2216 | D:3      | Reached XP level 6. HP: 43/48 MP: 8/8
  2505 | D:3      | Reached skill level 1 in Throwing
  2664 | D:3      | Noticed Ijyb
  2718 | D:3      | HP: 1/49 [Ijyb/dagger of electrocution (9)]
  2721 | D:3      | Slain by Ijyb

Action                   |  1- 3 |  4- 6 || total
-------------------------+-------+-------++-------
Melee: War axe           |    83 |   158 ||   241
Throw: Tomahawk          |     1 |       ||     1
  Use: Scroll            |     4 |     6 ||    10
  Eat: Chunk             |     1 |     6 ||     7
